 Dungeon Crawl Stone Soup version 0.21-a0-88-g13b9641 (webtiles) character file.

46 smhtbhfam the Scratcher (level 3, -3/17 HPs)
             Began as a Felid Monk on June 27, 2017.
             Slain by a goblin (4 damage)
             ... led by Robin
             ... on level 2 of the Dungeon.
             The game lasted 00:06:46 (1027 turns).

smhtbhfam the Scratcher (Felid Monk)                Turns: 1027, Time: 00:06:47

Health: -3/17      AC:  1    Str:  7    XL:     3   Next: 44%
Magic:  4/4        EV: 19    Int: 12    God:
Gold:   61         SH:  0    Dex: 18    Spells: 2/2 levels left
                                        Lives:  0   Deaths: 0

rFire    . . .     SeeInvis +     - Unarmed
rCold    . . .     Gourm    .   (shield unavailable)
rNeg     . . .     Faith    .   (armour unavailable)
rPois    .         Spirit   .   (helmet unavailable)
rElec    .         Reflect  .   (cloak unavailable)
rCorr    .         Harm     .   (gloves unavailable)
MR       .....                  (boots unavailable)
Stlth    +++.......             (no amulet)
HPRegen  0.05/turn              (no ring)
MPRegen  0.09/turn              (no ring)

@: quick
A: no armour, no weapons or thrown items, stealth, claws 1, fangs 3, see
invisible, carnivore 3, speed 1, shaggy fur 1, slow metabolism 1, sharp paws
a: no special abilities


You were on level 2 of the Dungeon.
You were very full.

You visited 1 branch of the dungeon, and saw 2 of its levels.

You collected 61 gold pieces.

Inventory:

Scrolls
 d - a scroll of enchant armour {unknown}
 g - a scroll of fear {unknown}
 i - a scroll of remove curse {unknown}
Potions
 b - a potion of heal wounds {unknown}
 e - a potion of degeneration {unknown}
 f - a potion of cancellation {unknown}
 h - a potion of curing {unknown}
 j - a potion of flight {unknown}
Comestibles
 a - a meat ration
 c - 7 chunks of flesh


   Skills:
 - Level 3.0 Fighting
 - Level 4.0 Dodging
 - Level 2.6 Stealth
 + Level 4.5 Unarmed Combat


You had 2 spell levels left.
You didn't know any spells.

Dungeon Overview and Level Annotations

Branches:
Dungeon (2/15)

Altars:

Annotations:
D:1 exclusion: gnoll
D:2 exclusion: adder


Innate Abilities, Weirdness & Mutations

You cannot wear armour.
You are incapable of wielding weapons or throwing items.
Your paws allow you to move quietly. (Stealth)
You have sharp claws.
You have razor-sharp teeth.
You have supernaturally acute eyesight. (SInv)
You are carnivorous and can eat meat at any time.
You cover ground quickly.
You are covered in fur. (AC +1)
You have a slow metabolism.
Your sharp claws are effective at attacking unaware monsters.


Message History

You swing at nothing.
You swing at nothing.
You swing at nothing.
You swing at nothing.
You swing at nothing.
You swing at nothing.
You swing at nothing.
You swing at nothing.
Wield which item (- for none, * to show all)? (? for menu, Esc to quit)
Your mouth is now empty.
The goblin shouts!
The goblin wields a hunting sling.
The goblin shoots a stone.
The stone hits you.
You see here a stone.
The goblin shoots a stone.
The stone hits you.
* * * LOW HITPOINT WARNING * * *
You see here a stone.
The goblin unwields an uncursed hunting sling.
The goblin hits you.
You die...

######.........(..#.......#.
.....#....................#.
#......................#.
#....)#####..............
#.....#...)...........#..
#.....#..........<.......
#.#...%.#...........#...#..
#........g......#...#...#..
###.......@..##.####.......
##.........##.........#.#
#......(..##............
#.......(..............#
#.......................
####....................
#.........##.........
#......#####...##....
##.......##....##.(..


You could see a goblin.

Vanquished Creatures
  Robin (D:2)
  A dart slug (D:1)
  3 bats
  A giant cockroach (D:2)
  10 goblins
  3 hobgoblins (D:1)
  4 kobolds
  2 ball pythons (D:2)
  A frilled lizard (D:1)
  3 rats (D:1)
29 creatures vanquished.

Notes
Turn   | Place    | Note
-------+----------+-------------------------------------------
     0 | D:1      | smhtbhfam the Felid Monk began the quest for the Orb.
     0 | D:1      | Reached XP level 1. HP: 10/10 MP: 2/2
   215 | D:1      | Reached XP level 2. HP: 4/14 MP: 3/3
   548 | D:2      | Noticed Robin
   555 | D:1      | Reached skill level 4 in Unarmed Combat
   800 | D:2      | Killed Robin
   800 | D:2      | Reached XP level 3. HP: 13/17 MP: 4/4
   890 | D:2      | HP: 3/17 [kobold/enchanted short sword (3)]
  1025 | D:2      | HP: 1/17 [goblin/stone[Robin] (5)]
  1027 | D:2      | Slain by a goblin

Vault maps used:
D:1:      dpeg_arrival_round_c
D:2:      uniq_robin

Skill      XL: |  1  2 |
---------------+-------+-----
Unarmed Combat | 4 |  4.5
Fighting       | |  3.0
Dodging        | |  4.0
Stealth        | |  2.6

Action                   || total
-------------------------++-------
Melee: Unarmed           ||    72
       Bite              ||     6
       Punch             ||     2
 Stab: Sleeping          ||     2
  Eat: Chunk             ||     7
Armor: Skin              ||     3
Dodge: Dodged            ||    56
